 Dungeon Crawl Stone Soup version 0.25-a0-785-gb22c70e859 (webtiles) character file.

Game seed: 16115877410530925313, levelgen mode: deterministic

79 Conn the Magician (level 4, -4/27 HPs)
             Began as an Octopode Wizard on Apr 17, 2020.
             Slain by an adder (5 damage)
             ... on level 2 of the Dungeon.
             The game lasted 00:04:43 (1804 turns).

Conn the Magician (Octopode Wizard)                 Turns: 1804, Time: 00:04:43

Health: -4/27      AC:  1    Str:  6    XL:     4   Next: 37%
Magic:  1/10       EV: 13    Int: 21    God:
Gold:   51         SH:  0    Dex: 10    Spells: 10/11 levels left

rFire    . . .     SeeInvis .   (no weapon)
rCold    . . .     Gourm    .   (no shield)
rNeg     . . .     Faith    +   a - +0 hat
rPois    .         Spirit   .   l - amulet of faith
rElec    .         Reflect  .   (no ring)
rCorr    .         Harm     .   (no ring)
MR       .....                  (no ring)
Stlth    +++.......             (no ring)
HPRegen  0.09/turn              (no ring)
MPRegen  0.12/turn              (no ring)
                                (no ring)
                                (no ring)

@: lethally poisoned (-4 -> -8), stab
A: almost no armour, stealthy swim, amphibious, 8 rings, constrict 8, camouflage
1, gelatinous body 1
a: no special abilities


You were on level 2 of the Dungeon.
You were not hungry.

You visited 1 branch of the dungeon, and saw 3 of its levels.

You collected 51 gold pieces.

Inventory:

Missiles
 i - 3 boomerangs (quivered)
Armour
 a - a +0 hat (worn)
Jewellery
 l - an amulet of faith (around mantle)
Scrolls
 e - a scroll of remove curse {unknown}
 h - a scroll of random uselessness {unknown}
 j - 2 scrolls of fog {unknown}
 k - a scroll of identify {unknown}
Comestibles
 c - 7 rations
 d - a chunk of flesh


   Skills:
 + Level 0.3 Fighting
 + Level 2.4 Dodging
 + Level 3.1 Stealth
 + Level 4.1 Spellcasting
 + Level 1.6 Conjurations
   Level 1.0 Summonings
   Level 1.0 Translocations


You had 10 spell levels left.
You knew the following spells:

 Your Spells              Type           Power        Failure   Level  Hunger
a - Magic Dart            Conj           ##..         6%          1    None

Your spell library contained the following spells:

 Spells                   Type           Power        Failure   Level  Hunger
 Blink                    Tloc           N/A          12%         2    #......
 Call Imp                 Summ           #.......     12%         2    #......
 Slow                     Hex            #.......     19%         2    #......
 Conjure Flame            Conj/Fire      #.......     26%         3    ###....
 Mephitic Cloud           Conj/Pois/Air  #.......     28%         3    ###....


Dungeon Overview and Level Annotations

Branches:
Dungeon (3/15)

Altars:
Okawaru


Innate Abilities, Weirdness & Mutations

You cannot wear most types of armour.
You are very stealthy in the water. (Stealth+)
You are amphibious.
You can wear up to eight rings at the same time.
You can use your tentacles to constrict eight enemies at once.
Your skin changes colour to match your surroundings (Stealth+).
Your rubbery body absorbs attacks. (AC +1, EV +1)


Message History

* * * LOW HITPOINT WARNING * * *
You are lethally poisoned!
The adder poisons you! The adder bites you.
* * * LOW HITPOINT WARNING * * *
It was a potion of stabbing.
You feel ready to backstab.
* * * LOW HITPOINT WARNING * * *
You feel sick. The adder closely misses you.
Unknown command.
Unknown command.
Casting: Magic Dart (safe; 6% risk of failure)
Confirm with . or Enter, or press ? or * to list all spells.
Aiming: Magic Dart (safe; 6% risk of failure)
Press: ? - help, Shift-Dir - straight line, f - adder
Aim: an adder The magic dart hits the adder.
The adder is lightly wounded.
* * * LOW HITPOINT WARNING * * *
You feel sick. The adder closely misses you. The adder bites you.
You die...

#### .... #.รท.
########..### ###. .....
...... ## .....##8..8###
...........$.#### ######
................. ......
................. ......
.......S@....# #####.
.............# ########.
........%....####........
............##....#######
.....#....).(..#### ##...
####........#### ##....
#...#.##### #.....
#..##.# #..... #.. #.#
#.....


You could see an adder.

Vanquished Creatures
  3 adders (D:2)
  A worm (D:2)
  5 bats
  2 giant cockroaches
  6 goblins
  4 hobgoblins
  7 jackals
  8 kobolds
  3 frilled lizards (D:1)
  6 rats
45 creatures vanquished.

Notes
Turn   | Place    | Note
-------+----------+-------------------------------------------
     0 | D:1      | Conn the Octopode Wizard began the quest for the Orb.
     0 | D:1      | Reached XP level 1. HP: 11/11 MP: 4/4
   271 | D:1      | Reached XP level 2. HP: 15/17 MP: 3/6
   677 | D:1      | Reached XP level 3. HP: 15/21 MP: 2/8
  1119 | D:2      | Found an iron altar of Okawaru.
  1417 | D:2      | Reached skill level 4 in Spellcasting
  1516 | D:2      | Reached XP level 4. HP: 25/27 MP: 1/10
  1804 | D:2      | HP: 1/27 [poisoned by an adder]
  1804 | D:2      | Slain by an adder

Levels and vault maps discovered:
D:1:      dpeg_arrival_tiny_k, layout_loops_cross, serial_rivers,
          chequers_serial_rivers_small_a, chequers_serial_rivers_marsh,
          chequers_serial_rivers_micro_b, chequers_serial_rivers_room_a,
          chequers_serial_rivers_micro_d, supply_closet_lemuel
D:2:      layout_rooms, minitemple, okawaru_gym_becter
D:3:      layout_basic, grunt_temple_overflow_forces_of_nature, first_ration,
          uniq_robin, uniq_terence

Skill      XL: |  1  2  3 |
---------------+----------+-----
Stealth        | 3 |  3.1
Spellcasting   | 4 |  4.1
Fighting       | |  0.3
Dodging        | |  2.4
Conjurations   | |  1.6
Summonings     | |  1.0
Translocations | |  1.0

Action                   |  1- 3 |  4- 6 || total
-------------------------+-------+-------++-------
Melee: Unarmed           |    65 |    14 ||    79
       Constrict         |    17 |     1 ||    18
       Tentacles         |     5 |     2 ||     7
 Cast: Magic Dart        |    64 |    16 ||    80
  Use: Potion            |       |     3 ||     3
  Eat: Chunk             |     2 |     1 ||     3
Armor: Skin              |    10 |       ||    10
Dodge: Dodged            |    75 |    13 ||    88

Table legend:
 A = Non-vault XP
 B = Vault XP
 C = Vault XP percentage of total XP
 D = Non-vault monster count
 E = Vault monster count
 F = Vault count percentage of total count
                 A         B        C        D         E       F
            +---------+---------+-------+---------+---------+-------
      Total |     113 |       0 |   0.0 |      45 |       0 |   0.0
            +---------+---------+-------+---------+---------+-------
        D:1 |      40 |       0 |   0.0 |      26 |       0 |   0.0
        D:2 |      73 |       0 |   0.0 |      19 |       0 |   0.0
            +---------+---------+-------+---------+---------+-------
